 Dungeon Crawl Stone Soup version 0.28.0-53-g5a82cb258f (webtiles) character file.

Game seed: 12807510696335805989

994 MiltankisOP the Ducker (level 7, -3/32 HPs)
             Began as a Spriggan Artificer on June 15, 2022.
             Slain by an ice beast (10 damage)
             ... on level 6 of the Dungeon.
             The game lasted 00:23:32 (10687 turns).

MiltankisOP the Ducker (Spriggan Artificer)        Turns: 10687, Time: 00:23:32

Health: -3/32      AC:  2    Str:  8    XL:     7   Next: 99%
Magic:  8/8        EV: 26    Int: 13    God:
Gold:   196        SH:  0    Dex: 17    Spells: 6/6 levels left

rFire   . . .      SeeInvis +   r - +0 dagger (freeze)
rCold   . . .      Faith    .   (no shield)
rNeg    . . .      Spirit   .   b - +0 robe
rPois   .          Reflect  .   (helmet restricted)
rElec   .          Harm     .   (no cloak)
rCorr   .          Rampage  .   (gloves unavailable)
Will    +....                   (boots unavailable)
Stlth   +++.......              (no amulet)
HPRegen 0.10/turn               j - +4 ring of evasion
MPRegen 0.11/turn               (no ring)

@: very quick
A: very small, no large weapons, unfitting armour, see invisible, speed 3
a: no special abilities


You were on level 6 of the Dungeon.
You visited 1 branch of the dungeon, and saw 6 of its levels.

You collected 196 gold pieces.

Inventory:

Hand Weapons
 a - a +0 club
 f - a +0 dagger
 r - a +0 dagger of freezing (weapon)
Armour
 b - a +0 robe (worn)
Jewellery
 c - a ring of flight
 j - a +4 ring of evasion (left hand)
Wands
 d - a wand of charming (10)
 m - a wand of digging (5)
Scrolls
 g - a scroll of noise {unknown}
 i - 4 scrolls of teleportation {unknown}
 l - a scroll of amnesia {unknown}
 n - 2 scrolls of fear {unknown}
 q - a scroll of magic mapping {unknown}
Potions
 h - a potion of berserk rage {unknown}
 k - 8 potions of curing {unknown}
 o - a potion of lignification {unknown}
 p - a potion of haste {unknown}
 s - a potion of magic {unknown}
 t - a potion of resistance {unknown}
Miscellaneous
 e - a piece from Xom's chessboard (2/15)


   Skills:
 - Level 0.7 Fighting
 + Level 5.7 Short Blades
 + Level 7.8 Dodging
 - Level 6.0 Stealth
 - Level 6.0 Evocations


You had 6 spell levels left.
You didn't know any spells.
Your spell library contained the following spells:

 Spells                   Type           Power      Damage    Failure   Level
 Animate Skeleton         Necr           0%         N/A       30%         1
 Apportation              Tloc           0%         N/A       30%         1
 Summon Small Mammal      Summ           0%         N/A       30%         1
 Sublimation of Blood     Necr           0%         N/A       43%         2
 Wereblood                Tmut           0%         N/A       43%         2
 Ozocubu's Armour         Ice            0%         N/A       67%         3
 Metabolic Englaciation   Hex/Ice        0%         N/A       100%        5
 Simulacrum               Ice/Necr       0%         N/A       100%        6
 Summon Hydra             Summ           0%         N/A       100%        7


Dungeon Overview and Level Annotations

Branches:
Dungeon (6/15)
 Temple: D:4-7

Altars:
Hepliaklqana
Sif Muna
Xom
Yredelemnul

Shops:
D:6 *


Innate Abilities, Weirdness & Mutations

You are very small and have problems with some larger weapons.
You are too small for most types of armour.
You have supernaturally acute eyesight. (SInv)
You cover ground extremely quickly. (Speed+++)


Message History

The centaur unwields a +0 shortbow.
The centaur misses you. The centaur barely misses you.
You hit the centaur but do no damage. The centaur completely misses you.
The centaur misses you.
You hit the centaur. You freeze the centaur.
The centaur is moderately wounded.
The centaur barely misses you. The centaur completely misses you.
You hit the centaur. You freeze the centaur.
The centaur is heavily wounded.
The centaur completely misses you. The centaur misses you.
You hit the centaur but do no damage.
The centaur is heavily wounded.
The centaur barely misses you. The centaur kicks you.
You hit the centaur but do no damage.
The centaur is heavily wounded.
The centaur completely misses you. x2
You hit the centaur but do no damage.
The centaur is heavily wounded.
The centaur completely misses you. The centaur misses you.
The ice beast closely misses you.
You hit the centaur. You freeze the centaur.
The centaur is heavily wounded.
The centaur barely misses you. The centaur misses you.
The ice beast completely misses you.
You hit the centaur but do no damage.
The centaur is heavily wounded.
The centaur completely misses you.
The centaur kicks you but does no damage.
The centaur completely misses you.
The centaur kicks you but does no damage.
You hit the centaur but do no damage.
The centaur is heavily wounded.
The ice beast misses you. The centaur misses you.
The centaur kicks you but does no damage.
You barely miss the centaur.
The centaur is heavily wounded.
The ice beast hits you.
* * * LOW HITPOINT WARNING * * *
The ice beast freezes you!
You die...

............
..##..........#...#.. ..
..+..........#......
..#+#.#...(............#
.......................+
...(...................#
.#......................
.......c......#.........
.......@...............#
.......Y............####
...........###......#
.....#..............#
#...........#####....#
..............###....#
.....................#
.....................#
.....#...............#


You could see an ice beast and a centaur.

Vanquished Creatures
  Sigmund (D:5)
  A steam dragon (D:6)
  A water moccasin (D:6)
  A black bear (D:5)
  An ogre (D:5)
  A scorpion (D:4)
  An orc priest (D:3)
  2 hounds
  An iguana (D:5)
  2 orc wizards (D:4)
  6 adders
  3 gnolls (D:2)
  3 ufetubi
  A dart slug (D:1)
  10 orcs
  7 ball pythons
  6 bats
  8 endoplasms
  4 giant cockroaches
  8 goblins
  10 hobgoblins
  4 jackals
  7 quokkas
  6 frilled lizards
  8 kobolds
  7 rats
110 creatures vanquished.

Vanquished Creatures (collateral kills)
  An adder (D:4)
  2 orcs
  A kobold (D:4)
4 creatures vanquished.

Vanquished Creatures (others)
  A hound (D:4)
1 creature vanquished.

Grand Total: 115 creatures vanquished

Notes
Turn   | Place    | Note
-------+----------+-------------------------------------------
     0 | D:1      | MiltankisOP the Spriggan Artificer began the quest for the
                  | Orb.
     0 | D:1      | Reached XP level 1. HP: 9/9 MP: 2/2
   713 | D:1      | Reached XP level 2. HP: 14/14 MP: 3/3
  1879 | D:1      | Reached XP level 3. HP: 15/17 MP: 4/4
  2058 | D:1      | Reached skill level 5 in Evocations
  2390 | D:2      | Reached XP level 4. HP: 2/21 MP: 5/5
  3714 | D:2      | Reached skill level 5 in Stealth
  4381 | D:3      | Reached XP level 5. HP: 25/25 MP: 6/6
  4916 | D:3      | Found a faded altar of an unknown god.
  5168 | D:3      | Reached skill level 1 in Short Blades
  5876 | D:4      | Noticed a phantom
  5938 | D:4      | Found a shimmering blue altar of Sif Muna.
  5941 | D:4      | Found a hazy altar of Hepliaklqana.
  5944 | D:4      | Found a basalt altar of Yredelemnul.
  5947 | D:4      | Found a shimmering altar of Xom.
  6485 | D:4      | Reached skill level 4 in Dodging
  6565 | D:4      | Reached XP level 6. HP: 15/29 MP: 7/7
  7447 | D:4      | HP: 1/29 [centaur/arrow (4)]
  8248 | D:4      | Reached skill level 5 in Dodging
  8627 | D:5      | Entered Level 5 of the Dungeon
  9008 | D:5      | Noticed Sigmund
  9559 | D:4      | Reached XP level 7. HP: 21/32 MP: 8/8
  9736 | D:5      | Reached skill level 6 in Dodging
  9860 | D:5      | Killed Sigmund
 10378 | D:6      | Found Ydyhel's Neck Hole.
 10390 | D:6      | Reached skill level 5 in Short Blades
 10390 | D:6      | Reached skill level 7 in Dodging
 10427 | D:6      | Noticed a steam dragon
 10429 | D:6      | Killed a steam dragon
 10687 | D:6      | Slain by an ice beast

Illustrated notes

Levels and vault maps discovered:
D:1:      amcnicky_arrival_underground_garden, layout_basic, dk_noncrumbling_3
D:2:      layout_loops_corners
D:3:      layout_loops_ring, portal_sewer_entry_f, basic_ecumenical_altar
D:4:      layout_loops_corners, grunt_temple_overflow_cloverleaf
D:5:      layout_loops_cross, uniq_sigmund
D:6:      layout_basic, temple_green, minmay_misc_feat_five,
          nicolae_shop_sticking_my_neck_out

Skill      XL: |  1  2  3  4  5  6  7 |
---------------+----------------------+-----
Stealth        | 2 3 4 5 6 |  6.0
Evocations     | 5 6 |  6.0
Short Blades   | 2 3 5 |  5.7
Dodging        | 4 5 7 |  7.8
Fighting       | |  0.7

Action                   |  1- 3 |  4- 6 |  7- 9 || total
-------------------------+-------+-------+-------++-------
Melee: Dagger            |   203 |   561 |    85 ||   849
       Club              |     7 |       |       ||     7
       Punch             |     4 |     5 |     3 ||    12
Evoke: Wand              |    11 |     9 |       ||    20
       Piece from Xom's  |       |    17 |     7 ||    24
 Stab: Sleeping          |     3 |    20 |     2 ||    25
       Distracted        |       |     2 |       ||     2
       Petrifying        |       |     2 |       ||     2
       Petrified         |       |     2 |       ||     2
       Paralysed         |       |       |     1 ||     1
Armor: Robe              |    14 |    22 |     7 ||    43
Dodge: Dodged            |   199 |   505 |   106 ||   810
